TOP OF THE 1ST |
Kannapolis Intimidators batting - Pitching for Quad Cities River Bandits : LHP Jimmy Edlin
|
Pitching: LHP Jimmy Edlin
|
|
Batting: LHB John Thurman
|
0-0: Called Strike 0-1: Ball 1-1: Foul Ball, location: 2F 1-2: Ground out 4-3 (Groundball, 34, EV 81.2 MPH)
|
Batting: RHB Mark Jones
|
0-0: Ground out 6-3 (Groundball, 6, EV 78.1 MPH)
|
Batting: RHB Micah Brown
|
0-0: SINGLE (Groundball, 56D, EV 103.1 MPH)
|
Batting: LHB Dustin Taylor
|
0-0: Called Strike 0-1: Swinging Strike 0-2: Strikes out swinging
|
Top of the 1st over - 0 runs, 1 hit, 0 errors, 1 left on base; Kannapolis 0 - Quad Cities 0 |
BOTTOM OF THE 1ST |
Quad Cities River Bandits batting - Pitching for Kannapolis Intimidators : LHP Victor Colon
|
Pitching: LHP Victor Colon
|
|
Batting: RHB Ben Hoffman
|
0-0: Ball 1-0: Ball 2-0: Ball 3-0: Base on Balls
|
Batting: RHB Matt Parker
|
0-0: Ball 1-0: Ball 2-0: Called Strike 2-1: Fly out, F8 (Flyball, 89D, EV 93.8 MPH)
|
Batting: LHB Angelo Vasquez
|
0-0: Ball 1-0: Swinging Strike 1-1: Called Strike 1-2: Fielders Choice at 2nd, 3-6 (Groundball, 34, EV 108.8 MPH)
|
Batting: RHB Joe Cook
|
0-0: Ball 1-0: Ball 2-0: Foul Ball, location: 2F 2-1: Foul Ball, location: 2F 2-2: SINGLE (Groundball, 6D, EV 105.6 MPH) Angelo Vasquez to second
|
Batting: RHB Steve Moore
|
0-0: Called Strike 0-1: Foul Ball, location: 2F 0-2: Ball 1-2: Strikes out swinging
|
Bottom of the 1st over - 0 runs, 1 hit, 0 errors, 2 left on base; Kannapolis 0 - Quad Cities 0 |
TOP OF THE 2ND |
Kannapolis Intimidators batting - Pitching for Quad Cities River Bandits : LHP Jimmy Edlin
|
Batting: RHB Tyrell Camp
|
0-0: Ball 1-0: Ball 2-0: Ball 3-0: Base on Balls
|
Batting: LHB Alberto Carrasco
|
0-0: Fly out, F6 (Popup, 6MD, EV 56.2 MPH)
|
Batting: RHB Adam Lambert
|
0-0: Ball 1-0: Foul Ball, location: 2F 1-1: Foul Ball, location: 2F 1-2: Grounds into double play, 1-4-3 (Groundball, 15S, EV 66.9 MPH)
|
Top of the 2nd over - 0 runs, 0 hits, 0 errors, 0 left on base; Kannapolis 0 - Quad Cities 0 |
BOTTOM OF THE 2ND |
Quad Cities River Bandits batting - Pitching for Kannapolis Intimidators : LHP Victor Colon
|
Batting: SHB Chris Keziah
|
0-0: Ball 1-0: Called Strike 1-1: Ball 2-1: Foul Ball, location: 2F 2-2: Strikes out looking
|
Batting: LHB Kelvin Jones
|
0-0: Ball 1-0: Ball 2-0: Swinging Strike 2-1: Ball 3-1: Called Strike 3-2: Strikes out swinging
|
Batting: RHB Colin Cranford
|
0-0: Ball 1-0: Swinging Strike 1-1: Ball 2-1: Swinging Strike 2-2: Foul Ball, location: 2F 2-2: Fly out, F9 (Flyball, 9S, EV 88.1 MPH)
|
Bottom of the 2nd over - 0 runs, 0 hits, 0 errors, 0 left on base; Kannapolis 0 - Quad Cities 0 |
TOP OF THE 3RD |
Kannapolis Intimidators batting - Pitching for Quad Cities River Bandits : LHP Jimmy Edlin
|
Batting: SHB Tadaaki Kondo
|
0-0: Called Strike 0-1: Foul Ball, location: 2F 0-2: Foul Ball, location: 2F 0-2: Ball 1-2: Foul Ball, location: 2F 1-2: Ball 2-2: SINGLE (Line Drive, 9S, EV 91.2 MPH)
|
Batting: RHB Ching-hsia Zhang
|
0-0: Called Strike 0-1: Foul Ball, location: 2F 0-2: SINGLE (Groundball, 6D, EV 104.4 MPH) Tadaaki Kondo to second
|
Batting: LHB John Thurman
|
0-0: Called Strike 0-1: Ball 1-1: Swinging Strike 1-2: Fly out, F8 (Flyball, 89XD, EV 96.9 MPH) Runner from 2nd tags up, SAFE at 3rd, no throw by CF
|
Batting: RHB Mark Jones
|
0-0: Ball 1-0: Called Strike 1-1: Fielders Choice at 2nd, 5-4 (Groundball, 56S, EV 85.6 MPH) Tadaaki Kondo scores
|
Batting: RHB Micah Brown
|
0-0: Ball 1-0: Ball 2-0: Ball 3-0: Called Strike 3-1: Base on Balls Mark Jones to second
|
Batting: LHB Dustin Taylor
|
0-0: Ball 1-0: Called Strike 1-1: SINGLE (Groundball, 4D, EV 100.0 MPH) Mark Jones to third Micah Brown to second Runner from 3rd tries for Home, SAFE, throw by CF to home
|
Batting: RHB Tyrell Camp
|
0-0: Foul Ball, location: 2F 0-1: Ball 1-1: Ground out 3-1 (Groundball, 34, EV 106.2 MPH)
|
Top of the 3rd over - 2 runs, 3 hits, 0 errors, 2 left on base; Kannapolis 2 - Quad Cities 0 |
BOTTOM OF THE 3RD |
Quad Cities River Bandits batting - Pitching for Kannapolis Intimidators : LHP Victor Colon
|
Batting: RHB Ray Finkle
|
0-0: Ball 1-0: DOUBLE (Groundball, 5L, EV 96.2 MPH)
|
Batting: RHB Ben Hoffman
|
0-0: Ball 1-0: Foul Ball, location: 2F 1-1: Ball 2-1: Foul Ball, location: 2F 2-2: Foul Ball, location: 2F 2-2: Strikes out swinging
|
Batting: RHB Matt Parker
|
0-0: Ball 1-0: Swinging Strike 1-1: Ball 2-1: Called Strike 2-2: Foul Ball, location: 2F 2-2: Strikes out looking
|
Batting: LHB Angelo Vasquez
|
0-0: Ball 1-0: Called Strike 1-1: Foul Ball, location: 2F 1-2: Ground out U3 (Groundball, 3L, EV 79.4 MPH)
|
Bottom of the 3rd over - 0 runs, 1 hit, 0 errors, 1 left on base; Kannapolis 2 - Quad Cities 0 |
TOP OF THE 4TH |
Kannapolis Intimidators batting - Pitching for Quad Cities River Bandits : LHP Jimmy Edlin
|
Batting: LHB Alberto Carrasco
|
0-0: Ball 1-0: Ground out U3 (Groundball, 3L, EV 108.8 MPH)
|
Batting: RHB Adam Lambert
|
0-0: Ground out 5-3 (Groundball, 5S, EV 82.5 MPH)
|
Batting: SHB Tadaaki Kondo
|
0-0: Ball 1-0: Ball 2-0: SOLO HOME RUN (Flyball, 7D, EV 98.8 MPH), Distance : 391 ft
|
Batting: RHB Ching-hsia Zhang
|
0-0: Swinging Strike 0-1: SINGLE (Line Drive, 9S, EV 95.0 MPH)
|
Batting: LHB John Thurman
|
0-0: Ball 1-0: Ball 2-0: Ball 3-0: Base on Balls Ching-hsia Zhang to second
|
Batting: RHB Mark Jones
|
0-0: Ball 1-0: Called Strike 1-1: Ball 2-1: Ground out 6-3 (Groundball, P, EV 89.4 MPH)
|
Top of the 4th over - 1 run, 2 hits, 0 errors, 2 left on base; Kannapolis 3 - Quad Cities 0 |
BOTTOM OF THE 4TH |
Quad Cities River Bandits batting - Pitching for Kannapolis Intimidators : LHP Victor Colon
|
Batting: RHB Joe Cook
|
0-0: Swinging Strike 0-1: Called Strike 0-2: SOLO HOME RUN (Flyball, 7D, EV 98.8 MPH), Distance : 389 ft
|
Batting: RHB Steve Moore
|
0-0: Ball 1-0: Ball 2-0: Ball 3-0: Base on Balls
|
Batting: SHB Chris Keziah
|
0-0: Ball 1-0: Ball 2-0: Swinging Strike 2-1: Swinging Strike 2-2: Foul Ball, location: 2F 2-2: Ball 3-2: Grounds into double play, 5-4-3 (Groundball, 56, EV 101.2 MPH)
|
Batting: LHB Kelvin Jones
|
0-0: Ball 1-0: Called Strike 1-1: Ball 2-1: Foul Ball, location: 2F 2-2: Ball 3-2: Base on Balls
|
Batting: RHB Colin Cranford
|
0-0: Ball 1-0: Ball 2-0: Called Strike 2-1: Foul Ball, location: 2F 2-2: Ball 3-2: Foul Ball, location: 2F 3-2: Foul Ball, location: 2F 3-2: Foul Ball, location: 2F 3-2: SINGLE (Groundball, 25, EV 65.0 MPH) (infield hit) Kelvin Jones to second
|
Batting: RHB Ray Finkle
|
0-0: Ball 1-0: Called Strike 1-1: Ball 2-1: Swinging Strike 2-2: Ground out 4-3 (Groundball, 4, EV 86.2 MPH)
|
Bottom of the 4th over - 1 run, 2 hits, 0 errors, 2 left on base; Kannapolis 3 - Quad Cities 1 |
TOP OF THE 5TH |
Kannapolis Intimidators batting - Pitching for Quad Cities River Bandits : LHP Jimmy Edlin
|
Batting: RHB Micah Brown
|
0-0: Called Strike 0-1: Ball 1-1: Swinging Strike 1-2: Foul Ball, location: 2F 1-2: Strikes out looking
|
Batting: LHB Dustin Taylor
|
0-0: Ground out 5-3 (Groundball, 56, EV 107.5 MPH)
|
Batting: RHB Tyrell Camp
|
0-0: SINGLE (Groundball, 6D, EV 94.4 MPH)
|
Batting: LHB Alberto Carrasco
|
0-0: Ball 1-0: Foul Ball, location: 2F 1-1: SINGLE (Line Drive, 56D, EV 106.2 MPH) Tyrell Camp to second
|
Batting: RHB Adam Lambert
|
0-0: Called Strike 0-1: Ball 1-1: SINGLE (Groundball, 56D, EV 105.6 MPH) Tyrell Camp to third Alberto Carrasco to second Runner from 3rd tries for Home, SAFE, throw by LF to home
|
Batting: SHB Tadaaki Kondo
|
0-0: Called Strike 0-1: Ball 1-1: Ball 2-1: Fly out, F5 (Line Drive, 5, EV 68.1 MPH)
|
Top of the 5th over - 1 run, 3 hits, 0 errors, 2 left on base; Kannapolis 4 - Quad Cities 1 |
BOTTOM OF THE 5TH |
Quad Cities River Bandits batting - Pitching for Kannapolis Intimidators : LHP Victor Colon
|
Batting: RHB Ben Hoffman
|
0-0: Called Strike 0-1: Foul Ball, location: 2F 0-2: DOUBLE (Line Drive, 3D, EV 105.0 MPH)
|
Batting: RHB Matt Parker
|
0-0: Ball 1-0: Called Strike 1-1: Foul Ball, location: 2F 1-2: Strikes out swinging
|
Batting: LHB Angelo Vasquez
|
0-0: Swinging Strike 0-1: Fly out, F8 (Flyball, 8RD, EV 92.5 MPH)
|
Batting: RHB Joe Cook
|
0-0: Called Strike 0-1: 2-RUN HOME RUN (Flyball, 7LD, EV 96.9 MPH), Distance : 354 ft
|
Batting: RHB Steve Moore
|
0-0: Called Strike 0-1: Ball 1-1: Called Strike 1-2: Strikes out swinging
|
Bottom of the 5th over - 2 runs, 2 hits, 0 errors, 0 left on base; Kannapolis 4 - Quad Cities 3 |
TOP OF THE 6TH |
Kannapolis Intimidators batting - Pitching for Quad Cities River Bandits : LHP Jimmy Edlin
|
Batting: RHB Ching-hsia Zhang
|
0-0: Called Strike 0-1: Foul Ball, location: 2F 0-2: SINGLE (Groundball, 34D, EV 93.8 MPH)
|
Batting: LHB John Thurman
|
0-0: Fielders Choice at 2nd, 4-6 (Groundball, 4, EV 105.6 MPH)
|
Batting: RHB Mark Jones
|
0-0: Ball 1-0: Ball 2-0: Called Strike 2-1: Ball 3-1: Fielders Choice at 2nd, 5-4 (Groundball, 25, EV 86.9 MPH)
|
Batting: RHB Micah Brown
|
0-0: Ball 1-0: Swinging Strike 1-1: Swinging Strike 1-2: Foul Ball, location: 2F 1-2: Ball 2-2: Foul Ball, location: 2F 2-2: Fly out, F4 (Flyball, 4D, EV 91.2 MPH)
|
Top of the 6th over - 0 runs, 1 hit, 0 errors, 1 left on base; Kannapolis 4 - Quad Cities 3 |
BOTTOM OF THE 6TH |
Quad Cities River Bandits batting - Pitching for Kannapolis Intimidators : LHP Victor Colon
|
Pitching: LHP Donald Brannon
|
|
Batting: SHB Chris Keziah
|
0-0: Ball 1-0: Ball 2-0: Called Strike 2-1: Ball 3-1: Swinging Strike 3-2: Foul Ball, location: 2F 3-2: Strikes out swinging
|
Batting: LHB Kelvin Jones
|
0-0: Reached on error, E3 (Groundball, 34S, EV 85.0 MPH)
|
Batting: RHB Colin Cranford
|
0-0: Called Strike 0-1: Ball 1-1: Ball 2-1: Fielders Choice at 2nd, 1-6 (Groundball, 34S, EV 75.6 MPH)
|
Batting: RHB Ray Finkle
|
0-0: Ball Colin Cranford is caught stealing 2nd base 2-4
|
Bottom of the 6th over - 0 runs, 0 hits, 1 error, 0 left on base; Kannapolis 4 - Quad Cities 3 |
TOP OF THE 7TH |
Kannapolis Intimidators batting - Pitching for Quad Cities River Bandits : LHP Jimmy Edlin
|
Batting: LHB Dustin Taylor
|
0-0: Ball 1-0: Foul Ball, location: 2F 1-1: Ground out 4-3 (Groundball, 4, EV 101.2 MPH)
|
Batting: RHB Tyrell Camp
|
0-0: Ball 1-0: Ball 2-0: Called Strike 2-1: Foul Ball, location: 2F 2-2: Ground out 4-3 (Groundball, 4S, EV 85.0 MPH)
|
Batting: LHB Alberto Carrasco
|
0-0: Ball 1-0: Ball 2-0: Foul Ball, location: 2F 2-1: Ball 3-1: Base on Balls
|
Pitching: RHP Calisto Morda
|
|
Batting: RHB Adam Lambert
|
0-0: Ball Alberto Carrasco steals 2nd base 1-0: Called Strike 1-1: Ball 2-1: Ground out 6-3 (Groundball, 6, EV 105.0 MPH)
|
Top of the 7th over - 0 runs, 0 hits, 0 errors, 1 left on base; Kannapolis 4 - Quad Cities 3 |
BOTTOM OF THE 7TH |
Quad Cities River Bandits batting - Pitching for Kannapolis Intimidators : LHP Donald Brannon
|
Pitching: LHP Ienari Kitahara
|
|
Batting: RHB Ray Finkle
|
0-0: Fly out, F8 (Line Drive, 8LD, EV 95.6 MPH)
|
Batting: RHB Ben Hoffman
|
0-0: Called Strike 0-1: Foul Ball, location: 2F 0-2: Ball 1-2: Foul Ball, location: 2F 1-2: Strikes out swinging
|
Batting: RHB Matt Parker
|
0-0: Ball 1-0: Swinging Strike 1-1: Swinging Strike 1-2: Foul Ball, location: 2F 1-2: Strikes out swinging
|
Bottom of the 7th over - 0 runs, 0 hits, 0 errors, 0 left on base; Kannapolis 4 - Quad Cities 3 |
TOP OF THE 8TH |
Kannapolis Intimidators batting - Pitching for Quad Cities River Bandits : RHP Calisto Morda
|
Batting: SHB Tadaaki Kondo
|
0-0: Foul Ball, location: 2F 0-1: Fly out, F7 (Flyball, 78D, EV 78.1 MPH)
|
Batting: RHB Ching-hsia Zhang
|
0-0: Ground out 3-1 (Groundball, 34, EV 78.8 MPH)
|
Batting: LHB John Thurman
|
0-0: Foul Ball, location: 2F 0-1: Ball 1-1: Foul Ball, location: 2F 1-2: Foul Ball, location: 2F 1-2: Foul Ball, location: 2F 1-2: Foul Ball, location: 2F 1-2: Foul Ball, location: 2F 1-2: Foul Ball, location: 2F 1-2: Ball 2-2: Ground out 4-3 (Groundball, 4, EV 79.4 MPH)
|
Top of the 8th over - 0 runs, 0 hits, 0 errors, 0 left on base; Kannapolis 4 - Quad Cities 3 |
BOTTOM OF THE 8TH |
Quad Cities River Bandits batting - Pitching for Kannapolis Intimidators : LHP Ienari Kitahara
|
Pitching: RHP Juan Estrada
|
|
Batting: LHB Angelo Vasquez
|
0-0: Ball 1-0: Called Strike 1-1: Ball 2-1: Foul Ball, location: 2F 2-2: Foul Ball, location: 2F 2-2: Strikes out swinging
|
Batting: RHB Joe Cook
|
0-0: Ball 1-0: Ball 2-0: Ball 3-0: Called Strike 3-1: Base on Balls
|
Batting: RHB Steve Moore
|
0-0: 2-RUN HOME RUN (Flyball, 7D, EV 106.9 MPH), Distance : 409 ft
|
Batting: SHB Chris Keziah
|
0-0: Ground out 4-3 (Groundball, 4, EV 85.0 MPH)
|
Batting: LHB Kelvin Jones
|
0-0: Ball 1-0: Ground out U3 (Groundball, 3S, EV 94.4 MPH)
|
Bottom of the 8th over - 2 runs, 1 hit, 0 errors, 0 left on base; Kannapolis 4 - Quad Cities 5 |
TOP OF THE 9TH |
Kannapolis Intimidators batting - Pitching for Quad Cities River Bandits : RHP Calisto Morda
|
Pitching: RHP Chris Miles
|
|
Now at 1B: Ray Fernandez
|
|
Batting: RHB Mark Jones
|
0-0: Ball 1-0: Called Strike 1-1: Ball 2-1: Ball 3-1: Ground out U3 (Groundball, 3L, EV 99.4 MPH)
|
Pinch Hitting: LHB Angel Tellez
|
0-0: Called Strike 0-1: Ball 1-1: Ball 2-1: Ball 3-1: Swinging Strike 3-2: Base on Balls
|
Batting: LHB Dustin Taylor
|
0-0: Foul Ball, location: 2F 0-1: Ball 1-1: Ball 2-1: Ball 3-1: Foul Ball, location: 2F 3-2: Fielders Choice at 2nd, 4-6 (Groundball, 4D, EV 85.6 MPH)
|
Pinch Hitting: LHB Joe Kirkland
|
0-0: Foul Ball, location: 2F 0-1: Ball 1-1: Swinging Strike 1-2: Ball 2-2: Fly out, F6 (Popup, 6D, EV 67.5 MPH)
|
Top of the 9th over - 0 runs, 0 hits, 0 errors, 1 left on base; Kannapolis 4 - Quad Cities 5 |
|